 Dungeon Crawl Stone Soup version 0.23-a0-625-g1d2cd9b (webtiles) character file.

53 pmoppi the Sneak (level 3, 0/27 HPs)
             Began as a Vampire Assassin on Dec 24, 2018.
             Succumbed to an adder's poison
             ... on level 1 of the Dungeon.
             The game lasted 00:03:45 (1673 turns).

pmoppi the Sneak (Vampire Assassin)                 Turns: 1673, Time: 00:03:46

Health: 0/27       AC:  6    Str: 16    XL:     3   Next: 62%
Magic:  3/3        EV: 11    Int: 13    God:
Gold:   81         SH:  0    Dex: 15    Spells: 2/2 levels left

rFire    . . .     SeeInvis +   a - +2 dagger
rCold    . . .     Gourm    .   (no shield)
rNeg     + . .     Faith    .   l - +0 ring mail
rPois    .         Spirit   .   (no helmet)
rElec    .         Reflect  .   d - +0 cloak
rCorr    .         Harm     .   (no gloves)
MR       .....     Rnd*Rage +   (no boots)
Stlth    +++.......             (no amulet)
HPRegen  0.09/turn              (no ring)
MPRegen  0.08/turn              (no ring)

@: mighty, lethally poisoned (0 -> -14)
A: fangs 3, see invisible, berserk 1, mutation resistance 1, unbreathing,
subdued magic 1, MP-powered wands
a: Bat Form


You were on level 1 of the Dungeon.
You were not thirsty.

You visited 1 branch of the dungeon, and saw 2 of its levels.

You collected 81 gold pieces.

Inventory:

Hand Weapons
 a - a +2 dagger (weapon)
 b - a +0 blowgun
Missiles
 e - 8 poisoned needles
 f - 2 curare-tipped needles
Armour
 d - a +0 cloak (worn)
 l - a +0 ring mail (worn)
Scrolls
 c - a scroll of teleportation {unknown}
 h - a scroll of amnesia {unknown}
Potions
 i - a potion of mutation
 j - a potion of might
 k - a potion of curing {unknown}
 q - 19 potions of blood


   Skills:
 + Level 2.2 Fighting
 * Level 3.3 Short Blades
 - Level 1.5 Throwing
 + Level 1.9 Dodging
 + Level 6.3 Stealth


You had 2 spell levels left.
You didn't know any spells.
Your spell library was empty.

Dungeon Overview and Level Annotations

Branches:
Dungeon (2/15)

Altars:


Innate Abilities, Weirdness & Mutations

You have razor-sharp teeth.
You have supernaturally acute eyesight. (SInv)
You can survive without breathing.
You tend to lose your temper in combat.
You are somewhat resistant to further mutation.
Your spells are a little easier to cast, but a little less powerful.
You expend magic power (3 MP) to strengthen your wands.


Message History

You feel genetically stable.
* * * LOW HITPOINT WARNING * * *
You feel sick. The adder misses you.
It was a potion of might.
You feel very mighty all of a sudden. The adder closely misses you.
You barely miss the adder. Your bite misses the adder.
The adder is lightly wounded.
* * * LOW HITPOINT WARNING * * *
You feel sick. The adder closely misses you.
Your ring mail prevents you from hitting the adder.
The adder is lightly wounded.
* * * LOW HITPOINT WARNING * * *
You feel sick. The adder bites you.
* * * LOW HITPOINT WARNING * * *
You are more poisoned.
The adder poisons you!
You puncture the adder!
You kill the adder!
You die...

# # # # #############
(...........# ###
....#######.###########≈####
##..# #......@....##≈#..#
##..# #..########.#≈≈##.#
..>.# #..##### #..≈≈.#.#
....# #......# ##.≈≈.#.#
##..# #.####.# ##≈.≈≈≈#.#
#..# #.# #.# #...≈≈≈≈.# #..#
#.# #.# #...≈≈.≈.#
##..######.# #.# #≈.≈.≈...#
.........#.# #.# #..≈≈≈≈..#


There were no monsters in sight!

Vanquished Creatures
  An adder (D:1)
  A dart slug (D:1)
  A leopard gecko (D:2)
  A giant cockroach (D:1)
  8 hobgoblins
  6 bats
  2 frilled lizards (D:1)
  6 goblins (D:1)
  6 kobolds
  5 rats
37 creatures vanquished.

Notes
Turn   | Place    | Note
-------+----------+-------------------------------------------
     0 | D:1      | pmoppi the Vampire Assassin began the quest for the Orb.
     0 | D:1      | Reached XP level 1. HP: 16/16 MP: 1/1
   224 | D:1      | Reached skill level 6 in Stealth
   251 | D:1      | Reached XP level 2. HP: 15/22 MP: 2/2
   892 | D:1      | Reached XP level 3. HP: 27/27 MP: 3/3
  1668 | D:1      | Gained mutation: Your spells are a little easier to cast,
                  | but a little less powerful. [potion of mutation]
  1668 | D:1      | Gained mutation: You tend to lose your temper in combat.
                  | [potion of mutation]
  1668 | D:1      | Gained mutation: You expend magic power (3 MP) to
                  | strengthen your wands. [potion of mutation]
  1668 | D:1      | Gained mutation: You are somewhat resistant to further
                  | mutation. [potion of mutation]
  1671 | D:1      | HP: 1/27 [adder (2)]
  1673 | D:1      | Succumbed to an adder's poison

Vault maps used:
D:1:      dpeg_arrival_arbitrary_a, serial_rivers,
          chequers_serial_rivers_micro_e, chequers_serial_rivers_micro_c,
          chequers_serial_rivers_micro_a, chequers_serial_rivers_room_a,
          chequers_serial_rivers_large_a, chequers_serial_rivers_small_3
D:2:      tso_altar, grunt_temple_overflow_open,
          chequers_ecumenical_altar_simple_redux, first_ration, st_stairs_3,
          minmay_tetromino_l4

Skill      XL: |  1  2 |
---------------+-------+-----
Stealth        | 6 |  6.3
Fighting       | 2 |  2.2
Short Blades   | 3 |  3.3
Throwing       | |  1.5
Dodging        | |  1.9

Action                   || total
-------------------------++-------
Melee: Dagger            ||   105
       Bite              ||     7
  Use: Potion            ||     4
 Stab: Sleeping          ||     8
Armor: Robe              ||     9
       Ring mail         ||    21
Dodge: Dodged            ||    69

Table legend:
 A = Non-vault XP
 B = Vault XP
 C = Vault XP percentage of total XP
 D = Non-vault monster count
 E = Vault monster count
 F = Vault count percentage of total count
                 A         B        C        D         E       F
            +---------+---------+-------+---------+---------+-------
      Total |      70 |       6 |   7.9 |      34 |       3 |   8.1
            +---------+---------+-------+---------+---------+-------
        D:1 |      61 |       0 |   0.0 |      29 |       0 |   0.0
        D:2 |       9 |       6 |  40.0 |       5 |       3 |  37.5
            +---------+---------+-------+---------+---------+-------
